 Dungeon Crawl Stone Soup version 0.27-a0-808-g60bc5d92e6 (webtiles) character file.

Game seed: 9902386658088747485

145 HoaS the Magician (level 5, -5/35 HPs)
             Began as a Djinni Fire Elementalist on Mar 28, 2021.
             Slain by a wight
             ... wielding a +3 mace
              (11 damage)
             ... on level 1 of the Dungeon.
             The game lasted 00:07:02 (2489 turns).

HoaS the Magician (Djinni Fire Elementalist)        Turns: 2489, Time: 00:07:03

Health: -5/35      AC:  2    Str:  7    XL:     5   Next: 27%
Gold:   45         EV: 13    Int: 17    God:
                   SH:  5    Dex: 14

rFire    + + .     SeeInvis .   h - +3 mace
rCold    x . .     Faith    .   (no shield)
rNeg     . . .     Spirit   .   a - +0 robe
rPois    ∞         Reflect  +   (no helmet)
rElec    .         Harm     .   (no cloak)
rCorr    .         Rampage  .   (no gloves)
Will     .....                  (boots unavailable)
Stlth    ++........             d - amulet of reflection
HPRegen  0.11/turn              (no ring)
MPRegen  0.00/turn              (no ring)

@: flying
A: fire resistance 2, cold vulnerability 1, float, innate caster, hp casting,
extra vitality 1
a: no special abilities


You were on level 1 of the Dungeon.
You visited 1 branch of the dungeon, and saw 2 of its levels.

You collected 45 gold pieces.

Inventory:

Hand Weapons
 h - a +3 mace (weapon)
Missiles
 f - 33 stones
Armour
 a - a +0 robe (worn)
Jewellery
 d - an amulet of reflection (around neck)
Scrolls
 c - a scroll of fog {unknown}
Potions
 b - a potion of flight {unknown}
 e - 3 potions of degeneration {unknown}


   Skills:
 + Level 3.7 Dodging
 - Level 1.5 Stealth
 * Level 4.3 Spellcasting


You couldn't memorise any spells.
You knew the following spells:

 Your Spells              Type           Power      Damage    Failure   Level
a - Foxfire               Conj/Fire      72%        2x1d7     2%          1
b - Conjure Flame         Conj/Fire      18%        6-21      8%          3
c - Inner Flame           Hex/Fire       18%        N/A       8%          3
d - Sticky Flame          Conj/Fire      18%        2d4       26%         4
e - Fireball              Conj/Fire      9%         3d6       56%         5
f - Sandblast             Erth           36%        2d10      2%          1
g - Poisonous Vapours     Pois/Air       36%        N/A       3%          2
Your spell library was empty.

Dungeon Overview and Level Annotations

Branches:
Dungeon (2/15)

Altars:


Innate Abilities, Weirdness & Mutations

You are immune to poison.
Your flesh is very heat resistant. (rF++)
You are vulnerable to cold. (rC-)
You float through the air rather than walking.
You learn spells naturally, not from books.
Your magical power is your life essence.
You have superior vitality. (+4 HP)


Message History

The wight hits you with a +3 mace!
Unknown command.
The foxfire hits the wight but does no damage. x2
Unknown command.
You conjure some foxfire!
The wight misses you. The wight hits you with a +3 mace!
The foxfire hits the wight.
The wight is lightly damaged.
The foxfire hits the wight!
The wight is severely damaged.
You are too injured to fight recklessly!
Casting: Foxfire (safe; 2% risk of failure)
Confirm with . or Enter, or press ? or * to list all spells.
You conjure some foxfire!
The wight closely misses you. You block the wight's attack.
Unknown command.
The foxfire hits the wight.
The wight is severely damaged.
The foxfire hits the wight but does no damage.
The wight is severely damaged.
Casting: Foxfire (safe; 2% risk of failure)
Confirm with . or Enter, or press ? or * to list all spells.
You conjure some foxfire!
The wight hits you but does no damage. The wight hits you with a +3 mace.
* * * LOW HITPOINT WARNING * * *
Your foxfire dissipates!
The foxfire hits the wight but does no damage.
The wight is severely damaged.
Casting: Foxfire (safe; 2% risk of failure)
Confirm with . or Enter, or press ? or * to list all spells.
You conjure some foxfire!
* * * LOW HITPOINT WARNING * * *
The wight closely misses you. The wight hits you with a +3 mace!
You die...

#.#.###...###..### #.#
#.#..............# #.#
#....########..#.#####.#
####.#.##### #..[.......#
#...###...[# #.>.#.###..#
#...# ##.#.####.......#..#
#...###...)(..........#..#
##.#.#.###.....zz........#
.......###..###v@.....#..#
##...#.>.......v......##.#
#.........>.....##.####.#
##..#.###..###.....# #.#
###..#.###..# #.##### #.#
............# #.# #.#
.#####.###.## #.# #.#
###..###...# #.########.#
###....###.# #........#.#


You could see 2 wights.

Vanquished Creatures
  2 wights
  A hound (D:2)
  An adder (D:2)
  2 bats
  5 hobgoblins
  4 jackals (D:1)
  2 kobolds
  A quokka (D:2)
  3 frilled lizards
  2 goblins (D:1)
  A rat (D:1)
24 creatures vanquished.

Vanquished Creatures (others)
  67 foxfires
67 creatures vanquished.

Grand Total: 91 creatures vanquished

Notes
Turn   | Place    | Note
-------+----------+-------------------------------------------
     0 | D:1      | HoaS the Djinni Fire Elementalist began the quest for the
                  | Orb.
     0 | D:1      | Reached XP level 1. HP: 15/15 MP: 0/0
   230 | D:1      | Reached skill level 3 in Spellcasting
   230 | D:1      | Reached XP level 2. HP: 18/21 MP: 0/0
  1152 | D:2      | Reached XP level 3. HP: 17/25 MP: 0/0
  1152 | D:2      | Learned a level 1 spell: Sandblast
  1502 | D:2      | Reached XP level 4. HP: 18/31 MP: 0/0
  1872 | D:2      | Reached skill level 4 in Spellcasting
  2197 | D:1      | Reached XP level 5. HP: 4/35 MP: 0/0
  2197 | D:1      | Learned a level 2 spell: Poisonous Vapours
  2489 | D:1      | Slain by a wight

Illustrated notes

Levels and vault maps discovered:
D:1:      lemuel_arrival_funnel, layout_loops_ring
D:2:      layout_basic, overflow_temple_1_default, serial_shops, shop

Skill      XL: |  1  2  3  4 |
---------------+-------------+-----
Spellcasting   | 3 4 |  4.3
Dodging        | 3 |  3.7
Stealth        | |  1.5

Action                   |  1- 3 |  4- 6 || total
-------------------------+-------+-------++-------
Melee: Dagger            |       |     1 ||     1
 Cast: Foxfire           |    36 |     8 ||    44
       Sandblast         |       |     5 ||     5
  Use: Scroll            |     3 |       ||     3
Armor: Robe              |     3 |     2 ||     5
Dodge: Dodged            |    14 |    12 ||    26
Block: Other             |    11 |     2 ||    13

Table legend: (Time is in decaauts)
 A = Elapsed time spent in this place.
 B = Non-inter-level travel time spent in this place.
 C = Inter-level travel time spent in this place.
 D = Time resting spent in this place.
 E = Time spent auto-exploring this place.
 F = Levels seen in this place.
 G = Mean time per level.
                   A        B        C        D        E       F      G
               +--------+--------+--------+--------+--------+-----+--------+
         Total |   2490 |   2289 |    201 |   1019 |   1024 |   2 | 1245.0 |
       Dungeon |   2490 |   2289 |    201 |   1019 |   1024 |   2 | 1245.0 |
               +--------+--------+--------+--------+--------+-----+--------+

Top non-repeatable levels by time:
     D:1: 1428 daAuts
     D:2: 1061 daAuts
